 Dungeon Crawl Stone Soup version 0.18.1-48-g4cf74bf (console) character file.

2089 Kloppie the Cleaver (level 9, 0/86 HPs)
             Began as a Hill Orc Berserker on Aug 31, 2016.
             Was an Elder of Trog.
             Slain by Joseph
             ... wielding a +0 quarterstaff
              (11 damage)
             ... on level 7 of the Dungeon.
             The game lasted 00:10:18 (6484 turns).

Kloppie the Cleaver (Hill Orc Berserker)            Turns: 6484, Time: 00:10:19

Health: 0/86       AC:  8    Str: 23    XL:     9   Next: 27%
Magic:  9/9        EV: 12    Int:  7    God:    Trog [****..]
Gold:   261        SH:  0    Dex: 13    Spells: 0 memorised, 8 levels left

rFire  . . .     SeeInvis .     a - +0 hand axe
rCold  . . .     Gourm    .     B - +2 leather armour of Awe {MR+ Str+3}
rNeg   + . .     Faith    .     (no shield)
rPois  .         Spirit   .     t - +1 helmet
rElec  .         Dismiss  .     A - +0 cloak
rCorr  +         Reflect  .     (no gloves)
SustAt .         Harm     .     (no boots)
MR     +++..                    (no amulet)
Stlth  +.........               y - ring of positive energy
                                d - ring of resist corrosion

@: exhausted, regenerating, extremely resistant to hostile enchantments, very
unstealthy
A: no striking features
a: Berserk, Trog's Hand, Brothers in Arms, Burn Spellbooks, Renounce Religion


You were on level 7 of the Dungeon.
You worshipped Trog.
Trog was greatly pleased with you.
You were not hungry.

You visited 1 branch of the dungeon, and saw 7 of its levels.

You collected 261 gold pieces.

Inventory:

Hand Weapons
 a - a +0 hand axe (weapon)
 q - a cursed -3 war axe
Armour
 t - a +1 helmet (worn)
 A - a +0 cloak (worn)
 B - the +2 leather armour of Awe (worn) {MR+ Str+3}
   (You found it on level 4 of the Dungeon)

   It affects your strength (+3).
   It affects your resistance to hostile enchantments.
Jewellery
 d - a ring of resist corrosion (left hand)
 f - an uncursed ring of fire
 y - a ring of positive energy (right hand)
Wands
 n - a wand of random effects (48/48)
Scrolls
 i - a scroll of blinking
 l - 2 scrolls of recharging
 m - 2 scrolls of teleportation
 o - a scroll of enchant armour
 u - a scroll of amnesia {unknown}
 w - a scroll of fog {unknown}
 C - a scroll of fear {unknown}
 E - a scroll of remove curse
 F - a scroll of immolation {unknown}
Potions
 b - a potion of magic
 e - a potion of heal wounds
 g - a potion of might
 h - 6 potions of curing
 j - a potion of flight {unknown}
 k - a potion of brilliance {unknown}
 s - a potion of mutation {unknown}
 x - a potion of haste {unknown}
 z - a potion of agility {unknown}
Comestibles
 c - 2 bread rations
 p - 4 fruits
 r - 3 chunks of flesh
 v - 2 meat rations


   Skills:
 - Level 10.5 Fighting
 + Level 11.4 Axes
 + Level 2.6 Armour
 - Level 1.5 Dodging


You had 8 spell levels left.
You didn't know any spells.

Dungeon Overview and Level Annotations

Branches:
Dungeon (7/15)             Temple (0/1) D:5

Altars:
Dithmenos
Fedhas
Kikubaaqudgha
Pakellas
Qazlal
Ru
Sif Muna
Zin

Shops:
D:4 =

Annotations:
D:7 Joseph


Message History

Joseph is severely wounded.
You hit Joseph.
Joseph is severely wounded.
Joseph hits you with an uncursed quarterstaff!
* * * LOW HITPOINT WARNING * * *
You hit Joseph.
Joseph is severely wounded.
Joseph hits you with an uncursed quarterstaff.
* * * LOW HITPOINT WARNING * * *
Your skin crawls.
You feel resistant to hostile enchantments.
You feel slightly more hungry.
Joseph hits you with an uncursed quarterstaff!
* * * LOW HITPOINT WARNING * * *
You hit Joseph but do no damage.
Joseph is severely wounded.
You barely miss Joseph.
Joseph is severely wounded.
Joseph hits you with an uncursed quarterstaff!
You die...

#...#.......#
#.#.#.......#
#.#)#.......#
#.#.#.###+#######
#.#..............
#...###.#######
#†..# #........
#...###(#########
...........@@....#
###.#..##.#.....#.#
#.##. #.#.###.# #.
#.#.. .. #.#### ...
#.# .# ... . ..


You could see Joseph.

Vanquished Creatures
  A hungry ghost (D:6)
  Menkaure (D:7)
  A water moccasin (D:6)
  A sky beast (D:5)
  An orc warrior (D:6)
  A black bear (D:7)
  3 ogres
  Blork the orc (D:5)
  A giant frog (D:6)
  A water moccasin zombie (D:6)
  A scorpion (D:4)
  A crimson imp (D:6)
  A jelly (D:5)
  Crazy Yiuf (D:3)
  An orc priest (D:4)
  6 orc wizards
  A centaur skeleton (D:6)
  A giant frog skeleton (D:5)
  A hound (D:6)
  Terence (D:3)
  2 iguanas
  3 worker ants (D:6)
  A hound zombie (D:6)
  The ghost of Orbaz the Sneak, a weakling SpAs (D:5)
  A hound skeleton (D:5)
  Robin (D:3)
  14 adders
  7 gnolls (D:6)
  2 shadow imps
  An ooze (D:6)
  An adder zombie (D:7)
  4 adder skeletons
  4 worms
  2 dart slugs
  4 giant geckos
  25 orcs
  4 ball pythons
  3 bat zombies (D:4)
  6 giant cockroaches
  16 goblins
  10 hobgoblins
  8 jackals
  7 kobolds
  A quokka (D:4)
  6 bats
  A giant cockroach zombie (D:5)
  A giant gecko zombie (D:5)
  3 giant newts
  7 rats
  2 rat zombies (D:4)
175 creatures vanquished.

Notes
Turn   | Place    | Note
--------------------------------------------------------------
     0 | D:1      | Kloppie the Hill Orc Berserker began the quest for the Orb.
     0 | D:1      | Reached XP level 1. HP: 19/19 MP: 1/1
   387 | D:1      | Reached XP level 2. HP: 21/27 MP: 2/2
  1009 | D:2      | Reached XP level 3. HP: 19/34 MP: 3/3
  1380 | D:2      | Reached ** piety under Trog
  1752 | D:2      | Reached skill level 5 in Axes
  1911 | D:3      | Noticed Terence
  1925 | D:2      | Reached skill level 5 in Fighting
  1925 | D:2      | Reached XP level 4. HP: 38/42 MP: 4/4
  2133 | D:3      | Killed Terence
  2235 | D:3      | Noticed Robin
  2246 | D:3      | Reached XP level 5. HP: 48/48 MP: 5/5
  2253 | D:3      | Reached *** piety under Trog
  2254 | D:3      | Killed Robin
  2257 | D:3      | Reached skill level 6 in Axes
  2634 | D:3      | Noticed Crazy Yiuf
  2642 | D:3      | Killed Crazy Yiuf
  2642 | D:3      | Reached XP level 6. HP: 58/58 MP: 6/6
  2804 | D:4      | Reached skill level 7 in Axes
  3102 | D:4      | Found Eroemehu's Jewellery Emporium.
  3143 | D:4      | Found a shadowy altar of Dithmenos.
  3145 | D:4      | Found a sacrificial altar of Ru.
  3166 | D:4      | Found an oddly glowing altar of Pakellas.
  3175 | D:4      | Got a distressingly furry leather armour
  3186 | D:4      | Identified the +2 leather armour of Awe {MR+ Str+3} (You found it on level 4 of the Dungeon)
  3267 | D:4      | Reached XP level 7. HP: 66/66 MP: 7/7
  3275 | D:4      | Found an ancient bone altar of Kikubaaqudgha.
  3329 | D:4      | Reached **** piety under Trog
  3373 | D:4      | Found a deep blue altar of Sif Muna.
  3373 | D:4      | Found a glowing silver altar of Zin.
  3444 | D:4      | Found a blossoming altar of Fedhas.
  3451 | D:4      | Reached skill level 8 in Axes
  3690 | D:5      | Entered Level 5 of the Dungeon
  3712 | D:5      | Noticed Orbaz's ghost (weakling SpAs)
  3724 | D:5      | Killed Orbaz's ghost
  3725 | D:5      | Found a staircase to the Ecumenical Temple.
  4085 | D:5      | Noticed Blork the orc
  4100 | D:5      | Killed Blork the orc
  4156 | D:5      | Reached XP level 8. HP: 62/75 MP: 8/8
  4171 | D:5      | Found a stormy altar of Qazlal.
  4178 | D:5      | Reached skill level 9 in Axes
  5048 | D:6      | Reached skill level 10 in Axes
  5694 | D:6      | Reached skill level 10 in Fighting
  5723 | D:6      | Reached XP level 9. HP: 71/85 MP: 9/9
  6149 | D:6      | Reached skill level 11 in Axes
  6431 | D:7      | Noticed Menkaure
  6440 | D:7      | Killed Menkaure
  6463 | D:7      | Noticed Joseph
  6484 | D:7      | Slain by Joseph

Skill      XL: |  1  2  3  4  5  6  7  8  9 |
---------------+----------------------------+-----
Fighting       | 4 5 6 7 8 10 | 10.5
Axes           | 5 6 7 8 10 11 | 11.4
Armour         | |  2.6
Dodging        | |  1.5

Action                   |  1- 3 |  4- 6 |  7- 9 || total
-------------------------+-------+-------+-------++-------
Melee: Hand axe          |   148 |   150 |   413 ||   711
Invok: Berserk           |     3 |     5 |     5 ||    13
       Trog's Hand       |       |     2 |     3 ||     5
  Use: Scroll            |       |       |     9 ||     9
  Eat: Chunk             |     3 |    11 |    15 ||    29
       Royal jelly       |     1 |       |       ||     1
       Beef jerky        |       |       |     2 ||     2
       Bread ration      |       |       |     1 ||     1
Armor: Animal skin       |     9 |       |       ||     9
       Ring mail         |    22 |    60 |       ||    82
       Leather armour    |       |     3 |   134 ||   137
Dodge: Dodged            |   103 |   102 |   189 ||   394
